 Dungeon Crawl Stone Soup version 0.27.1-33-g824d729ab1 (console) character file.

Game seed: 1730124974522512859

367 Banquo the Chopper (level 7, -3/50 HPs)
             Began as a Djinni Fighter on Dec 22, 2021.
             Slain by a killer bee (6 damage)
             ... on level 6 of the Dungeon.
             The game lasted 00:12:59 (5061 turns).

Banquo the Chopper (Djinni Fighter)                 Turns: 5061, Time: 00:13:00

Health: -3/50      AC:  7    Str: 15    XL:     7   Next: 1%
Gold:   49         EV:  6    Int: 11    God:
                   SH:  9    Dex: 13

rFire    + + .     SeeInvis .   b - +2 spear (venom)
rCold    x . .     Faith    .   c - +1 kite shield
rNeg     . . .     Spirit   .   e - +0 scale mail
rPois    ∞         Reflect  .   (no helmet)
rElec    .         Harm     .   (no cloak)
rCorr    .         Rampage  .   g - +0 pair of gloves
Will     .....                  (boots unavailable)
Stlth    ..........             (no amulet)
HPRegen  0.16/turn              (no ring)
MPRegen  0.00/turn              (no ring)

@: about to teleport, flying
A: sickness immunity, fire resistance 2, cold vulnerability 1, float, innate
caster, hp casting, extra vitality 1
a: no special abilities


You were on level 6 of the Dungeon.
You visited 1 branch of the dungeon, and saw 6 of its levels.

You collected 114 gold pieces.
You spent 65 gold pieces at shops.

Inventory:

Hand Weapons
 a - a +1 war axe
 b - a +2 spear of venom (weapon)
 q - a +0 whip
 u - a +1 dagger of electrocution
 v - a +1 short sword of speed
 y - a +0 war axe
Missiles
 h - 186 stones
 i - 8 boomerangs (quivered)
 n - 21 poisoned darts
 s - 8 curare-tipped darts
 x - 8 boomerangs of dispersal
Armour
 c - a +1 kite shield (worn)
 e - a +0 scale mail (worn)
 f - a +0 plate armour
 g - a +0 pair of gloves (worn)
 r - a +0 leather armour
Wands
 z - a wand of charming (3)
Scrolls
 l - 2 scrolls of enchant armour
 m - a scroll of identify
Potions
 d - 2 potions of might
 j - 2 potions of curing
 k - 2 potions of lignification
 o - a potion of heal wounds
 p - a potion of invisibility
 w - a potion of resistance


   Skills:
 - Level 3.0 Fighting
 * Level 5.7 Axes
 - Level 3.0 Armour
 - Level 3.0 Shields


You couldn't memorise any spells.
You knew the following spells:

 Your Spells              Type           Power      Damage    Failure   Level
a - Sting                 Tmut/Pois      0%         1d3       99%         1
b - Static Discharge      Conj/Air       0%         N/A       100%        2
c - Swiftness             Air            0%         N/A       100%        3
Your spell library was empty.


Dungeon Overview and Level Annotations

Branches:
Dungeon (7/15)
 Temple: D:4-7

Altars:
Cheibriados
Elyvilon
Gozag
Qazlal
The Shining One

Shops:
D:2 !


Innate Abilities, Weirdness & Mutations

You are immune to sickness and miasma.
You are immune to poison.
Your flesh is very heat resistant. (rF++)
You are vulnerable to cold. (rC-)
You float through the air rather than walking.
You learn spells naturally, not from books.
Your magical power is your life essence.
You have superior vitality. (+4 HP)


Message History

You fly upwards.
The shadow imp shouts, "Out, out, thou reeling-ripe wibble-sucking zombie-fodder!"
The killer bee buzzes angrily.
You hear an angry buzzing noise.
There is a stone staircase leading down here.
You completely miss the sky beast.
The sky beast is almost dead.
A killer bee comes into view.
The sky beast hits you but does no damage.
You hit the sky beast.
You kill the sky beast!
An orc priest comes into view. It is wielding a +0 hand axe.
You have reached level 7!
The power to cast Swiftness wells up from within.
Spell assigned to 'c'.
You block the killer bee's attack.
A killer bee comes into view.
The killer bee barely misses you.
An orc comes into view. It is wielding a +0 club.
The orc shouts!
You hear a shout!
You hear an angry hiss.
The killer bee stings you!
An orc warrior and a centaur come into view.
The orc warrior shouts!
The centaur shouts!
You hear a shout!
The killer bee barely misses you.
An orc priest comes into view. It is wielding a +0 whip.
The killer bee stings you.
The killer bee stings you but does no damage.
The killer bee stings you!
* * * LOW HITPOINT WARNING * * *
The killer bee stings you.
* * * LOW HITPOINT WARNING * * *
The killer bee closely misses you.
As you read the scroll of teleportation, it crumbles to dust.
You feel strangely unstable.
The killer bee stings you but does no damage.
You block the killer bee's attack.
The killer bee stings you but does no damage.
The killer bee stings you.
* * * LOW HITPOINT WARNING * * *
The killer bee stings you.
You die...

#........#
#........# ###
#..>....#
#..###...†...#
#..#...#......#
###.y..###.#..##
#.....####.# .#
#.y...o5...5 .#
#@y..c.oo.... .
#.######o.....
### .... .o. ..


You could see an orc warrior, a centaur, 3 killer bees, 2 orc priests, a shadow
imp and an orc.

Vanquished Creatures
  A sky beast (D:6)
  A howler monkey (D:4)
  A jelly (D:4)
  Jessica (D:3)
  7 gnolls
  3 adders
  A dart slug (D:1)
  5 orcs
  5 ball pythons
  16 endoplasms
  4 giant cockroaches
  10 goblins
  6 hobgoblins
  2 jackals (D:2)
  A quokka (D:3)
  2 bats
  2 frilled lizards
  13 kobolds
  6 rats
87 creatures vanquished.

Vanquished Creatures (others)
  4 fungi (D:3)
  4 plants
  13 toadstools (D:4)
21 creatures vanquished.

Grand Total: 108 creatures vanquished

Notes
Turn   | Place    | Note
-------+----------+-------------------------------------------
     0 | D:1      | Banquo the Djinni Fighter began the quest for the Orb.
     0 | D:1      | Reached XP level 1. HP: 20/20 MP: 0/0
    82 | D:1      | Reached skill level 2 in Axes
   102 | D:1      | Reached XP level 2. HP: 25/25 MP: 0/0
   197 | D:1      | Found a faded altar of an unknown god.
   354 | D:1      | Reached XP level 3. HP: 30/30 MP: 0/0
   354 | D:1      | Learned a level 1 spell: Sting
  1137 | D:2      | Reached skill level 3 in Axes
  1566 | D:2      | Reached XP level 4. HP: 35/35 MP: 0/0
  1673 | D:2      | Found Neegh's Distillery.
  1687 | D:2      | Bought a potion of heal wounds for 65 gold pieces
  2259 | D:2      | Found Neegh's Distillery.
  2711 | D:3      | Noticed Jessica
  2790 | D:3      | Reached skill level 4 in Axes
  2790 | D:3      | Reached XP level 5. HP: 39/40 MP: 0/0
  2790 | D:3      | Learned a level 2 spell: Static Discharge
  2846 | D:3      | Found a stormy altar of Qazlal.
  3034 | D:3      | Found a snail-covered altar of Cheibriados.
  3139 | D:3      | HP: 2/40 [Jessica (15)]
  3145 | D:3      | Killed Jessica
  3584 | D:3      | Found a snail-covered altar of Cheibriados.
  3706 | D:3      | Found a stormy altar of Qazlal.
  4424 | D:4      | Reached XP level 6. HP: 40/46 MP: 0/0
  4559 | D:4      | Reached skill level 5 in Axes
  4828 | D:4      | Found a glowing golden altar of the Shining One.
  5017 | D:4      | You are sucked into a shaft and drop 3 floors!
  5017 | D:7      | Found an opulent altar of Gozag.
  5017 | D:7      | Found a white marble altar of Elyvilon.
  5020 | D:7      | Noticed a sky beast
  5053 | D:6      | Killed a sky beast
  5054 | D:6      | Reached XP level 7. HP: 28/50 MP: 0/0
  5054 | D:6      | Learned a level 3 spell: Swiftness
  5061 | D:6      | Slain by a killer bee

Illustrated notes

Levels and vault maps discovered:
D:1:      lightli_arrival_noodles, layout_basic,
          dreamdust_ecumenical_altar_grove, minmay_tromino_v4_a
D:2:      layout_basic, serial_shops, shop
D:3:      layout_rooms, cheibriados_altar_1, mainiacjoe_overflow_boulevard,
          hex_large, uniq_jessica
D:4:      cheibrodos_fertilizer, layout_basic, tso_oasis_becter, tgw_trog
D:6:      layout_cave_pools, gammafunk_temple_overflow_statue, uniq_grinder,
          uniq_crazy_yiuf_cottage
D:7:      layout_loops_ring, mainiacjoe_overflow_24_doors,
          grunt_temple_overflow_open, mainiacjoe_overflow_chevrons,
          uniq_duvessa, uniq_joseph

Skill      XL: |  1  2  3  4  5  6 |
---------------+-------------------+-----
Axes           | 2 3 4 5 |  5.7
Fighting       | |  3.0
Armour         | |  3.0
Shields        | |  3.0

Action                   |  1- 3 |  4- 6 |  7- 9 || total
-------------------------+-------+-------+-------++-------
Melee: Spear             |    82 |   160 |       ||   242
  Use: Scroll            |     7 |     6 |     1 ||    14
       Potion            |       |     1 |       ||     1
Armor: Scale mail        |    19 |    37 |     3 ||    59
Dodge: Dodged            |     7 |    36 |     3 ||    46
Block: Kite shield       |    26 |    59 |     2 ||    87
